 Dungeon Crawl Stone Soup version 0.14-a0-1444-g21dc12d (webtiles) character file.

1752 Jenx the Grasshopper (level 8, -3/69 HPs)
             Began as a Djinni Warper on Dec 12, 2013.
             Was a Believer of Sif Muna.
             Slain by an orc wizard
             ... wielding a +1,+0 orcish flail
              (4 damage)
             ... on Level 6 of the Dungeon.
             The game lasted 00:21:44 (4901 turns).

Jenx the Grasshopper (Djinni Warper)                Turns: 4901, Time: 00:21:45

HP  -3/69        AC  8     Str 12      XL: 8   Next: 51%
MP   0/0         EV  6     Int 15      God: Sif Muna [**....]
Gold 257         SH  0     Dex 18      Spells:  3 memorised, 12 levels left

rFire  + + +     SeeInvis .     a - +4,+9 whip of the Rattle-Snake {flame, +Fly Dex+2}
rCold  x . .     Clarity  .     i - +0 elf ring mail
rNeg   + + +     Conserve .     E - +2 dwarf shield
rPois  .         rCorr    .     (no helmet)
rElec  .         rRot     .     (no cloak)
SustAb . .       Spirit   .     B - +2 pair of gloves {archer}
rMut   .         Warding  .     (boots unavailable)
Saprov . . .     Stasis   .     (no amulet)
                                (no ring)
                                u - +3 ring of dexterity

@: confused, flying, slightly resistant to hostile enchantments, extremely
unstealthy
A: fire immunity, cold vulnerability, life protection 3
a: Channel Energy, Forget Spell, Renounce Religion


You were on level 6 of the Dungeon.
You worshipped Sif Muna.
Sif Muna was pleased with you.
You were not hungry.

You visited 2 branches of the dungeon, and saw 7 of its levels.

You collected 257 gold pieces.

Inventory:

Hand weapons
 a - the +4,+9 whip of the Rattle-Snake (weapon) {flame, +Fly Dex+2}
   (You found it on level 4 of the Dungeon)

   It emits flame when wielded, causing extra injury to most foes and up to
   double damage against particularly susceptible opponents.
   It affects your dexterity (+2).
   It lets you fly.
Missiles
 e - 39 darts (quivered)
 f - 10 darts of dispersal
Armour
 i - a +0 elven ring mail (worn)
 B - a +2 pair of gloves of archery (worn)
 E - a +2 dwarven shield (worn)
Magical devices
 l - a wand of digging (10)
 v - a wand of polymorph (13)
 A - a wand of confusion (9)
 C - a wand of digging (8)
Scrolls
 b - 5 scrolls of remove curse {unknown}
 d - 4 scrolls of blinking
 h - a scroll of amnesia
 k - a scroll of noise {unknown}
 o - 2 scrolls of immolation {unknown}
 r - 3 scrolls of magic mapping {unknown}
 s - a scroll of curse armour {unknown}
 t - a scroll of recharging {unknown}
 w - 2 scrolls of curse jewellery {unknown}
 y - a scroll of fear {unknown}
 z - a scroll of enchant weapon II {unknown}
Jewellery
 j - an uncursed amulet of stasis
 q - an uncursed ring of fire
 u - a +3 ring of dexterity (left hand)
Potions
 g - a potion of speed {unknown}
 m - 2 potions of brilliance {unknown}
 n - a potion of poison
 p - 2 potions of curing
 x - a potion of heal wounds {unknown}
 D - 2 potions of might {unknown}
Books
 c - a book of Spatial Translocations

   Spells                             Type                      Level
   *Apportation                       Translocation                1
   Portal Projectile                  Translocation                2
   *Blink                             Translocation                2
   *Shroud of Golubria                Charms/Translocation         2
   Teleport Other                     Translocation                3
   Passage of Golubria                Translocation                4


   Skills:
 - Level 1.7 Fighting
 - Level 7.1 Maces & Flails
 - Level 0.8 Throwing
 - Level 1.1 Armour
 - Level 1.7 Dodging
 + Level 1.1 Shields
 - Level 5.0 Spellcasting
 - Level 7.1 Translocations
 - Level 2.0 Invocations


You had 12 spell levels left.
You knew the following spells:

 Your Spells              Type           Power        Failure   Level  Hunger
a - Apportation           Tloc           ####......   10%         1    None
b - Blink                 Tloc           N/A          12%         2    #......
c - Shroud of Golubria    Chrm/Tloc      ##........   43%         2    #......


Dungeon Overview and Level Annotations

Branches:
Dungeon (6/16)             Temple (1/1) D:4

Altars:
Cheibriados
Kikubaaqudgha
Sif Muna
Trog
Xom
Zin


Innate Abilities, Weirdness & Mutations

You are immune to all types of fire, even holy and hellish.
You are vulnerable to cold.
You need no food.
You have no legs.
You are immune to negative energy.


Message History

The orc warrior is moderately wounded.
You hear some strange, mumbled words.
The magic dart hits you! You block the orc warrior's attack.
You hit the orc warrior but do no damage.
The orc warrior is moderately wounded.
You hear some strange, mumbled words.
You are confused.
The orc warrior hits you from afar with an orcish trident.
Things that are here:
an orcish mace; an orcish ring mail Ouch!
The orc warrior hits you from afar with an orcish trident!
* * * LOW HITPOINT WARNING * * *
It drops an orcish short sword.
It picks up an orcish flail.
Deactivating autopickup; reactivate with Ctrl-A.
You closely miss it.
The orc warrior hits you from afar with an orcish trident!
* * * LOW HITPOINT WARNING * * *
It hits you.
You die...

###############........%...####
..........%%..<..#.......#......
.........oo))....#.......#......
#.........o#####o##.......#.#####
#.........)# #.##.......#.#
#..#####...# #o##.#######.#
#.##._.##.o# #oo..# #.#
#..##'##%o.# #)#### #.#
#.......o..# #@# #.# #.8.....8..#
#.# #.# #...8.8....# #.# #.#
#..........# #.# #.# #....((....#
#.# #.# #..........# #.# #.#
#..........# #.# #.# #..(.......#
#.# #.# #..........# #.# #.#


You could see an orc warrior and 3 orcs.

Vanquished Creatures
  The ghost of M4edhros the Insei, an experienced OpTm (D:5)
  Grinder (D:5)
  A two-headed ogre (D:5)
  An ogre (D:5)
  A giant frog (D:6)
  2 jellies (D:5)
  2 crimson imps
  5 orc wizards
  2 scorpions
  A hound (D:5)
  An orc priest (D:6)
  A worker ant (D:5)
  An ogre zombie (D:5)
  Ijyb (D:2)
  4 adders
  An inept item mimic (D:3)
  3 worms
  An adder skeleton (D:4)
  A giant eyeball (D:5)
  2 giant geckos
  An ooze (D:1)
  20 orcs
  A bat zombie (D:5)
  7 giant cockroaches
  6 goblins
  12 hobgoblins
  11 jackals
  9 bats
  4 giant newts
  A hobgoblin skeleton (D:5)
  17 kobolds
  12 rats
134 creatures vanquished.

Notes
Turn   | Place    | Note
--------------------------------------------------------------
     0 | D:1      | Jenx, the Djinni Warper, began the quest for the Orb.
     0 | D:1      | Reached XP level 1. HP: 17/17 MP: 0/0
   405 | D:1      | Reached XP level 2. EP: 21/24
   418 | D:1      | Learned a level 2 spell: Blink
  1175 | D:1      | Reached XP level 3. EP: 22/30
  1478 | D:2      | Noticed Ijyb
  1479 | D:2      | Found a deep blue altar of Sif Muna.
  1505 | D:2      | Killed Ijyb
  1505 | D:2      | Reached skill level 4 in Maces & Flails
  1680 | D:2      | Became a worshipper of Sif Muna the Loreminder
  1763 | D:2      | Reached XP level 4. EP: 34/37
  2895 | D:3      | Reached XP level 5. EP: 40/45
  2896 | D:3      | Reached skill level 5 in Maces & Flails
  3027 | D:4      | Found a staircase to the Ecumenical Temple.
  3063 | D:4      | Got a dazzling whip
  3090 | Temple   | Entered the Ecumenical Temple
  3096 | Temple   | Identified the +4,+9 whip of the Rattle-Snake {flame, +Fly Dex+2} (You found it on level 4 of the Dungeon)
  3413 | D:5      | Entered Level 5 of the Dungeon
  3469 | D:5      | Noticed Grinder
  3489 | D:5      | Paralysed by Grinder for 4 turns
  3503 | D:5      | Killed Grinder
  3503 | D:5      | Acquired Sif Muna's first power
  3503 | D:5      | Reached skill level 6 in Translocations
  3503 | D:5      | Reached XP level 6. EP: 20/51
  3787 | D:5      | Noticed a two-headed ogre
  3821 | D:5      | Noticed M4edhros' ghost (experienced OpTm)
  3836 | D:5      | Killed a two-headed ogre
  3836 | D:5      | Reached XP level 7. EP: 38/58
  3943 | D:4      | Learned a level 2 spell: Shroud of Golubria
  4056 | D:5      | Reached skill level 7 in Translocations
  4166 | D:5      | Killed M4edhros' ghost
  4166 | D:5      | Reached XP level 8. EP: 34/66
  4452 | D:5      | Found a shimmering altar of Xom.
  4742 | D:6      | Found a glowing silver altar of Zin.
  4776 | D:6      | Acquired Sif Muna's second power
  4825 | D:6      | Reached skill level 5 in Spellcasting
  4836 | D:6      | Reached skill level 1 in Shields
  4901 | D:6      | HP: 1/69 [orc warrior/orcish trident (19)]
  4901 | D:6      | Slain by an orc wizard

Action                   |  1- 3 |  4- 6 |  7- 9 || total
-------------------------+-------+-------+-------++-------
Melee: Mace              |   151 |   100 |       ||   251
       Whip              |       |    70 |   149 ||   219
Throw: Dart              |    11 |    16 |    12 ||    39
 Cast: Blink             |       |     4 |     1 ||     5
       Shroud of Golubri |       |       |     2 ||     2
  Use: Scroll            |     1 |     7 |     1 ||     9
       Potion            |       |     2 |     1 ||     3
